 Dungeon Crawl Stone Soup version 0.30-a0-862-g1aabd4f9c5 (webtiles) character file.

Game seed: 12256996620393510383

197 oldriver the Chopper (level 5, -1/34 HPs)
             Began as a Gargoyle Chaos Knight on Mar 8, 2023.
             Was a Plaything of Xom.
             Slain by a wight
             ... wielding a +4 battleaxe
              (15 damage)
             ... on level 4 of the Dungeon.
             The game lasted 00:05:12 (2722 turns).

oldriver the Chopper (Gargoyle Chaos Knight)        Turns: 2722, Time: 00:05:13

Health: -1/34      AC: 12    Str: 18    XL:     5   Next: 75%
Magic:  5/5        EV: 10    Int: 12    God:    Xom [......]
Gold:   116        SH:  6    Dex:  9    Spells: 4/4 levels left

rFire   . . .      SeeInvis .    a - +1 hand axe (chaos)
rCold   . . .      Faith    .    h - +3 warlock's mirror {omnireflect}
rNeg    + . .      Spirit   .    b - +2 leather armour
rPois   ∞          Reflect  +    p - +1 helmet
rElec   +          Rampage  .    (no cloak)
rCorr   .                        q - +0 pair of gloves
Will    .....                    (no boots)
Stlth   +                        (no amulet)
HPRegen 0.25/turn                (no ring)
MPRegen 0.09/turn                (no ring)

@: weak-willed
A: sickness immunity, AC +4, negative energy resistance 1, electricity
resistance, torment resistance 1, petrification resistance
a: Renounce Religion


You were on level 4 of the Dungeon.
You worshipped Xom.
You were a very special plaything of Xom.
You visited 1 branch of the dungeon, and saw 4 of its levels.

You collected 116 gold pieces.

Inventory:

Hand Weapons
 a - a +1 hand axe of chaos (weapon)
 f - a +2 short sword of speed
Missiles
 o - a throwing net
Armour
 b - a +2 leather armour (worn)
 h - the +3 warlock's mirror (worn) {omnireflect}
   (You acquired it on level 2 of the Dungeon)

   Omnireflect: It can block and reflect piercing ranged attacks and magical
   attacks against the wielder's willpower.
 p - a +1 helmet (worn)
 q - a +0 pair of gloves (worn)
Jewellery
 m - a ring of fire
Wands
 r - a wand of flame (24)
Scrolls
 s - a scroll of enchant weapon
Potions
 d - 3 potions of curing
 g - 3 potions of cancellation
 i - a potion of invisibility
 j - a potion of mutation
 k - a potion of lignification {unknown}
 l - a potion of ambrosia
Miscellaneous
 c - a piece from Xom's chessboard (15/15) (quivered)


   Skills:
 + Level 4.5 Fighting
 * Level 4.5 Axes
 + Level 2.8 Armour
 - Level 0.7 Dodging
 + Level 1.4 Shields


You had 4 spell levels left.
You didn't know any spells.
Your spell library contained the following spells:

 Spells                   Type           Power      Damage    Failure   Level
 Slow                     Hex            0%         N/A       47%         1
 Confusing Touch          Hex            0%         N/A       85%         3
 Vampiric Draining        Necr           0%         2d6       85%         3


Dungeon Overview and Level Annotations

Branches:
Dungeon (4/15)
 Temple: D:4-7

Altars:
Kikubaaqudgha
Vehumet
Xom

Shops:
D:3 =


Innate Abilities, Weirdness & Mutations

You are immune to sickness and miasma.
Your stone body is resilient. (AC +4)
You are immune to poison.
You resist negative energy. (rN+)
You are resistant to electric shocks. (rElec)
You are resistant to unholy torment.
You are immune to petrification.


Message History

The orc is moderately wounded.
The orc hits you with a +0 club. The orc hits you but does no damage.
You hit the orc. You burn the orc.
You kill the orc!
No target in view!
No target in view!
An adder comes into view.
The adder hisses angrily.
An adder is nearby!
An adder is nearby!
An adder is nearby!
An adder is nearby! "Whee!"
Your surroundings suddenly seem different.
Your surroundings suddenly seem different.
Your surroundings suddenly seem different.
A wight comes into view. It is wielding a +5 dire flail.
The wight moves out of view.
A wight comes into view. It is wielding a +4 battleaxe.
A wight is nearby!
A wight is nearby!
A wight comes into view. It is wielding a +0 dire flail.
You barely miss the wight. The wight hits you with a +4 battleaxe.
You hit the wight but do no damage. The wight barely misses you.
You hit the wight. You burn the wight.
The wight is lightly damaged.
The wight hits you with a +4 battleaxe!
You are too injured to fight recklessly!
You are too injured to fight recklessly!
You are too injured to fight recklessly!
Okay, then.
As you read the scroll labelled GUECZI FEFF, it crumbles to dust.
Your body is wracked with pain!
It was a scroll of torment.
The wight hits you with a +4 battleaxe.
As you read the scroll labelled YFURETA MUAMU, it crumbles to dust.
Magic quickly surges around you.
It was a scroll of vulnerability.
A wight comes into view. It is wielding a +0 battleaxe.
The wight hits you with a +4 battleaxe!
You die...
Xom roars with laughter!

###### ###### #....# #....#
### #...#######..# #..
#.....≈≈≈....# #..
#+##...#'###'#..######
##..#...#.....#........ .
#...#...#######........ ..
...#.@..# #.......... #.
#..#.z..# #..........
##.##..#.z..# #..........
#......#....#..######+####
#......'....#..#..........
#......#....#..#......~.~.
#......#....#..#..>..P~~♣P
#......#...z#..##..##'~~~.
######....#....#..##..##.~P##


You could see 3 wights.

Vanquished Creatures
  An iguana (D:4)
  Ijyb (D:4)
  A river rat (D:2)
  An adder (D:4)
  4 gnolls (D:3)
  A dart slug (D:2)
  An orc (D:4)
  7 ball pythons
  5 bats
  12 endoplasms
  3 giant cockroaches
  10 goblins
  8 hobgoblins
  2 jackals (D:4)
  4 quokkas
  5 frilled lizards
  10 kobolds
  4 rats
80 creatures vanquished.

Vanquished Creatures (others)
  2 fungi (D:3)
  3 plants (D:3)
  A withered plant (D:3)
6 creatures vanquished.

Grand Total: 86 creatures vanquished

Notes
Turn   | Place    | Note
-------+----------+-------------------------------------------
     0 | D:1      | oldriver the Gargoyle Chaos Knight began the quest for the
                  | Orb.
     0 | D:1      | Reached XP level 1. HP: 14/14 MP: 1/1
    23 | D:1      | XOM: smoke on damage
    78 | D:1      | Reached XP level 2. HP: 19/19 MP: 2/2
   229 | D:1      | XOM: silly message
   231 | D:1      | XOM: potion effect (haste)
   283 | D:1      | XOM: silly message
   369 | D:1      | Reached XP level 3. HP: 23/24 MP: 3/3
   897 | D:2      | Noticed Robin
  1067 | D:3      | Found an ancient bone altar of Kikubaaqudgha.
  1086 | D:3      | XOM: butterfly on damage
  1121 | D:1      | Reached XP level 4. HP: 27/29 MP: 4/4
  1212 | D:2      | Robin changed into Robin the river rat
  1212 | D:2      | Noticed Robin
  1223 | D:2      | Killed Robin the river rat
  1386 | D:2      | Identified a scroll of acquirement
  1386 | D:2      | Acquired the +3 warlock's mirror {omnireflect}
  1386 | D:2      | Found the +3 warlock's mirror {omnireflect}
  1700 | D:2      | XOM: noise
  1921 | D:3      | Found a faded altar of an unknown god.
  1951 | D:3      | Reached XP level 5. HP: 31/33 MP: 5/5
  1981 | D:3      | Found Xeiprolud's Jewellery Boutique.
  2070 | D:3      | XOM: cloud trail
  2138 | D:4      | Found a shimmering altar of Xom.
  2139 | D:4      | Found a shimmering altar of Xom.
  2166 | D:4      | Found a shimmering altar of Xom.
  2188 | D:4      | Reached skill level 1 in Shields
  2205 | D:4      | Noticed Ijyb
  2217 | D:4      | XOM: noise
  2219 | D:4      | XOM: silly message
  2221 | D:4      | XOM: butterfly on damage
  2236 | D:4      | Killed Ijyb
  2365 | D:4      | Found a radiant altar of Vehumet.
  2397 | D:4      | XOM: 4-stop teleportation journey
  2569 | D:4      | XOM: torment (27/34 hp)
  2708 | D:4      | XOM: 3-stop teleportation journey
  2722 | D:4      | Slain by a wight

Illustrated notes

Levels and vault maps discovered:
D:1:      ncdulo_wetmaze, layout_loops_ring
D:2:      layout_rooms, uniq_robin
D:3:      layout_basic, kiku_gazebo_garden_becter, serial_shops, shop,
          shapermc_ecumenical_altar_mp_urbaneastern
D:4:      layout_gridville, grunt_temple_overflow_open, xom_redecorated,
          vehumet_crystals, corexii_corridor_pit, serial_bayou_pond_d, uniq_ijyb

Skill      XL: |  1  2  3  4  5 |
---------------+----------------+-----
Axes           | 3 4 |  4.5
Fighting       | 4 |  4.5
Shields        | 1 |  1.4
Armour         | |  2.8
Dodging        | |  0.7

Action                     |  1- 3 |  4- 6 || total
---------------------------+-------+-------++-------
  Melee: Hand axe          |    54 |   134 ||   188
         Short sword       |    70 |       ||    70
         Punch             |     1 |       ||     1
  Evoke: Piece from Xom's  |       |     1 ||     1
    Use: Scroll            |     1 |     9 ||    10
         Potion            |     1 |       ||     1
   Stab: Confused          |       |     2 ||     2
 Armour: Leather armour    |    70 |    46 ||   116
  Dodge: Dodged            |    74 |    61 ||   135
  Block: Buckler           |       |    14 ||    14
         Reflection        |       |     2 ||     2

Table legend: (Time is in decaauts)
 A = Elapsed time spent in this place.
 B = Non-inter-level travel time spent in this place.
 C = Inter-level travel time spent in this place.
 D = Time resting spent in this place.
 E = Time spent auto-exploring this place.
 F = Levels seen in this place.
 G = Mean time per level.
                   A        B        C        D        E       F      G
               +--------+--------+--------+--------+--------+-----+--------+
         Total |   2710 |   2484 |    226 |    108 |   1748 |   4 |  677.5 |
       Dungeon |   2710 |   2484 |    226 |    108 |   1748 |   4 |  677.5 |
               +--------+--------+--------+--------+--------+-----+--------+

Top non-repeatable levels by time:
     D:1: 886 daAuts
     D:2: 722 daAuts
     D:4: 592 daAuts
     D:3: 508 daAuts
